AoeStats
← shamix709

Black Forest

509732851Analyzed
4v4 RM · 3d ago on Sep 27, 2026· 73m 27s· 8 players
Game mode
Random Map
Map size
Large (8 player)
Population
200
Speed
Normal
Resources
Standard
Victory
Conquest
Starting age
Dark Age
Ending age
Imperial Age
RankedLock teamsTeams togetherTeam positionsShared explorationLock speedFull tech treeHidden civsTurbo modeCheats
Victory
Defeat
🇷🇺 Saracens · Russia
1066
+17
🇷🇺 Persians · Russia
1047
+18
🇺🇸 Goths · United States
1045
+18
🇰🇿 Khmer · Kazakhstan
1031
+18
🇫🇷 Malay · France
1240
-24
🇬🇧 Spanish · United Kingdom
1092
-18
🇩🇪 Persians · Germany
1086
-18
🇫🇷 Cumans · France
920
-11
jawsy_
8:39 Loom
11:19 Feudal Age
16:23 Castle Age
15:11 Double-Bit Axe
15:13 Horse Collar
23:35 Crossbowman
24:29 Fletching
25:45 Wheelbarrow
25:41 Bodkin Arrow
27:19 Thumb Ring
29:48 Stone Mining
29:49 Gold Mining
32:31 Imperial Age
31:14 Heavy Plow
31:27 Bow Saw
32:07 Padded Archer Armor
32:19 Forging
32:16 Arbalester
33:01 Bracer
33:17 Leather Archer Armor
33:53 Hand Cart
34:20 Gold Shaft Mining
34:24 Ballistics
35:04 Chemistry
34:58 Pikeman
35:39 Squires
35:24 Arson
36:18 Iron Casting
36:14 Ring Archer Armor
37:32 Stone Shaft Mining
36:52 Halberdier
38:36 Blast Furnace
38:04 Man-at-Arms
39:11 Forced Levy
39:32 Conscription
39:16 Long Swordsman
39:24 Long Swordsman
40:16 Murder Holes
40:32 Two-Handed Swordsman
44:52 Siege Engineers
59:18 Onager
xXTOUROXx
0:28 Loom
14:29 Feudal Age
18:48 Wheelbarrow
20:42 Castle Age
18:40 Double-Bit Axe
20:16 Fishing Lines
24:11 Bow Saw
24:45 Scale Barding Armor
24:51 Forging
24:56 Gillnets
27:40 Chain Barding Armor
27:56 Iron Casting
31:39 Imperial Age
29:28 Hand Cart
29:19 Gold Mining
31:09 Gold Shaft Mining
32:31 Plate Barding Armor
32:58 Blast Furnace
32:21 Conscription
33:00 Fervor
32:17 Cavalier
33:08 Bloodlines
34:03 Bloodlines
33:20 Savar
34:48 Horse Collar
36:11 Stone Mining
37:15 Heavy Plow
37:05 Town Watch
38:29 Two-Man Saw
38:58 Husbandry
38:21 Light Cavalry
39:47 Scale Mail Armor
39:25 Pikeman
40:06 Squires
39:51 Arson
39:58 Hussar
40:02 Halberdier
42:31 Chain Mail Armor
43:29 Gambesons
44:19 Plate Mail Armor
48:26 Man-at-Arms
49:15 Long Swordsman
56:11 Hoardings
56:17 Crop Rotation
Lampy
0:43 Loom
12:38 Feudal Age
15:59 Fishing Lines
16:11 Double-Bit Axe
19:28 Castle Age
21:15 Bow Saw
24:28 Gold Mining
24:32 Stone Mining
24:50 Horse Collar
28:35 Heavy Plow
28:47 Gillnets
33:17 Imperial Age
31:51 Scale Barding Armor
31:57 Forging
32:32 Wheelbarrow
32:05 Fletching
33:06 Town Watch
33:45 Chain Barding Armor
34:00 Iron Casting
33:33 Husbandry
33:43 Bloodlines
34:46 Caravan
34:23 Cavalier
37:06 Chemistry
35:53 Paladin
38:45 Two-Man Saw
42:59 Plate Barding Armor
43:25 Blast Furnace
42:22 Bodkin Arrow
41:59 Onager
43:19 Hand Cart
43:55 Ballistics
43:46 Fortified Wall
43:32 Murder Holes
43:47 Masonry
44:40 Light Cavalry
45:25 Hussar
51:17 Architecture
Suko
0:55 Loom
14:07 Feudal Age
15:28 Horse Collar
16:35 Double-Bit Axe
21:25 Man-at-Arms
26:11 Forging
26:01 Scale Mail Armor
26:45 Wheelbarrow
29:24 Scale Barding Armor
32:44 Castle Age
32:37 Bloodlines
33:37 Stone Mining
33:11 Pikeman
33:23 Light Cavalry
35:01 Chain Barding Armor
35:17 Iron Casting
35:18 Heavy Plow
38:40 Bow Saw
39:15 Gold Mining
39:56 Hand Cart
40:33 Town Watch
41:52 Padded Archer Armor
41:44 Fletching
45:28 Imperial Age
43:43 Gold Shaft Mining
43:19 Caravan
44:14 Pikeman
44:59 Squires
45:22 Chain Mail Armor
46:04 Steppe Husbandry
45:55 Hussar
45:57 Elite Steppe Lancer
49:11 Conscription
51:29 Crop Rotation
51:31 Elite Kipchak
52:22 Cuman Mercenaries
55:39 Plate Barding Armor
55:35 Plate Mail Armor
56:05 Blast Furnace
55:21 Leather Archer Armor
55:02 Bodkin Arrow
57:28 Halberdier
61:09 Ring Archer Armor
61:02 Ballistics
70:35 Chemistry
amirabd1994
5:33 Loom
12:25 Feudal Age
13:32 Double-Bit Axe
14:25 Wheelbarrow
13:42 Horse Collar
18:45 Castle Age
17:46 Gold Mining
21:46 Bow Saw
21:42 Heavy Plow
22:22 Gold Shaft Mining
24:46 Imperial Age
22:12 Stone Mining
25:06 Stone Shaft Mining
25:20 Hand Cart
28:36 Caravan
29:01 Fortified Wall
29:14 Ballistics
29:55 Chemistry
30:01 Crop Rotation
32:31 Conscription
35:51 Elite Ballista Elephant
36:36 Double Crossbow
43:54 Siege Engineers
73:16 Masonry
shamix709
3:03 Loom
14:23 Feudal Age
15:14 Double-Bit Axe
15:16 Fishing Lines
17:38 Arson
17:14 Man-at-Arms
19:14 Horse Collar
22:00 Forging
24:04 Castle Age
22:18 Gold Mining
23:08 Scale Mail Armor
25:44 Iron Casting
24:33 Long Swordsman
26:00 Squires
29:18 Wheelbarrow
30:11 Caravan
30:38 Fletching
31:23 Fortified Wall
31:24 Masonry
31:35 Ballistics
31:18 Bodkin Arrow
33:37 Heavy Plow
35:23 Gold Shaft Mining
35:53 Bow Saw
39:19 Imperial Age
36:54 Gillnets
38:05 Stone Mining
39:17 Hand Cart
40:07 Bracer
39:56 Arrowslits
40:18 Siege Engineers
40:06 Guard Tower
40:47 Murder Holes
41:45 Conscription
42:43 Blast Furnace
42:58 Chemistry
42:51 Keep
41:46 Two-Handed Swordsman
43:01 Chain Mail Armor
43:04 Champion
44:17 Conscription
45:08 Bloodlines
44:59 Husbandry
44:24 Heavy Camel Rider
45:58 Scale Barding Armor
45:43 Elite Mameluke
55:57 Two-Man Saw
60:19 Chain Barding Armor
64:58 Light Cavalry
69:35 Counterweights
73:06 Plate Barding Armor
gafilter
13:01 Feudal Age
13:39 Double-Bit Axe
13:42 Fishing Lines
14:51 Wheelbarrow
14:40 Horse Collar
21:30 Castle Age
22:43 Gillnets
23:10 Bow Saw
24:08 Heavy Plow
25:05 Loom
25:47 Fervor
28:18 Hand Cart
29:44 Caravan
34:20 Imperial Age
32:41 Gold Mining
32:44 Stone Mining
33:45 Town Watch
33:58 Fletching
34:09 Padded Archer Armor
34:19 Forging
34:10 Scale Mail Armor
34:15 Scale Barding Armor
34:15 Kamandaran
35:30 Bloodlines
35:20 Husbandry
35:23 Squires
35:08 Gambesons
35:10 Arson
35:49 Conscription
36:05 Hoardings
36:13 Crop Rotation
36:55 Two-Man Saw
36:21 Devotion
36:38 Block Printing
36:59 Theocracy
36:20 Herbal Medicine
38:47 Ballistics
39:28 Chemistry
38:24 Murder Holes
38:39 Masonry
38:49 Citadels
38:00 Elite War Elephant
38:05 Man-at-Arms
38:05 Pikeman
38:54 Thumb Ring
38:09 Crossbowman
38:10 Elite Skirmisher
39:16 Parthian Tactics
38:14 Light Cavalry
38:16 Capped Ram
39:02 Town Patrol
39:41 Iron Casting
39:22 Chain Mail Armor
39:23 Leather Archer Armor
40:36 Gold Shaft Mining
40:38 Stone Shaft Mining
41:04 Guard Tower
41:18 Bodkin Arrow
42:24 Blast Furnace
41:55 Plate Mail Armor
41:46 Chain Barding Armor
42:27 Coinage
42:09 Guilds
44:03 Faith
44:31 Architecture
43:23 Long Swordsman
43:24 Halberdier
43:30 Hussar
43:31 Heavy Camel Rider
47:01 Banking
50:22 Plate Barding Armor
50:17 Ring Archer Armor
56:10 Siege Ram
60:43 Onager
Acid Dag
0:27 Loom
12:56 Feudal Age
13:51 Double-Bit Axe
18:20 Castle Age
16:14 Horse Collar
17:44 Gold Mining
17:45 Stone Mining
18:21 Fishing Lines
19:42 Bow Saw
20:35 Wheelbarrow
20:58 Heavy Plow
23:28 Town Watch
24:41 Gillnets
26:51 Herbal Medicine
28:58 Caravan
29:55 Hand Cart
30:01 Fletching
30:12 Scale Mail Armor
30:12 Padded Archer Armor
31:01 Fervor
31:12 Sanctity
34:41 Imperial Age
33:05 Stone Shaft Mining
32:45 Forging
32:51 Chain Mail Armor
33:10 Bodkin Arrow
33:31 Leather Archer Armor
32:40 Elite Skirmisher
33:43 Ballistics
33:04 Treadmill Crane
33:20 Murder Holes
33:35 Masonry
34:05 Anarchy
34:51 Iron Casting
34:22 Squires
34:57 Town Patrol
35:39 Perfusion
36:45 Two-Man Saw
36:17 Crop Rotation
35:56 Bracer
36:30 Conscription
38:27 Blast Furnace
36:57 Pikeman
39:22 Chemistry
38:02 Halberdier
39:07 Elite Huskarl
41:14 Architecture
43:45 Man-at-Arms
45:20 Long Swordsman
47:37 Two-Handed Swordsman
49:03 Champion
53:29 Crossbowman
54:37 Shipwright
54:15 Sappers
56:55 Ring Archer Armor
56:31 Scale Barding Armor
57:45 Capped Ram
70:38 Heavy Cavalry Archer
74:33 Theocracy
73:59 Devotion
74:25 Illumination
Connection lost

Rejoining the realm…

Still unreachable

The connection could not be restored.

Session expired

The server has moved on; the page needs a fresh start.